 Dungeon Crawl Stone Soup version 0.20.1-1-g8b1a95d66d (webtiles) character file.

518 Hvezdomuz the Sneak (level 7, -7/55 HPs)
             Began as a White Draconian Enchanter on Dec 2, 2017.
             Shot with an arrow by a centaur (8 damage)
             ... on level 5 of the Dungeon.
             The game lasted 00:30:16 (5928 turns).

Hvezdomuz the Sneak (White Draconian Enchanter)     Turns: 5928, Time: 00:30:16

Health: -7/55      AC:  6    Str: 10    XL:     7   Next: 1%
Magic:  9/12       EV: 13    Int: 17    God:
Gold:   162        SH:  0    Dex: 12    Spells: 5/12 levels left

rFire    + . .     SeeInvis .   f - +0 dagger (freeze)
rCold    + + .     Gourm    .   (no shield)
rNeg     . . .     Faith    .   (armour unavailable)
rPois    +         Spirit   .   (helmet restricted)
rElec    +         Reflect  .   (no cloak)
rCorr    +         Harm     .   (no gloves)
MR       .....                  (no boots)
Stlth    ++........             (no amulet)
Regen    0.2/turn               (no ring)
MPRegen  0.2/turn               (no ring)

@: short of breath, resistant
A: breathe frost, unfitting armour, cold resistance 1, cold-blooded, AC +6
a: Breathe Frost


You were on level 5 of the Dungeon.
You were not hungry.

You visited 1 branch of the dungeon, and saw 5 of its levels.

You collected 162 gold pieces.

Inventory:

Hand Weapons
 a - a +1 dagger
 f - a +0 dagger of freezing (weapon)
Missiles
 h - 27 poisoned needles (quivered)
Jewellery
 o - an uncursed ring of protection from fire {unknown}
 t - a cursed amulet of inaccuracy {unknown}
Scrolls
 d - a scroll of fog {unknown}
 g - 3 scrolls of teleportation {unknown}
 j - 2 scrolls of amnesia {unknown}
 k - 4 scrolls of remove curse {unknown}
 m - 4 scrolls of identify {unknown}
 n - 2 scrolls of enchant weapon {unknown}
 q - a scroll of recharging
 s - a scroll of immolation {unknown}
Potions
 e - 2 potions of flight {unknown}
 i - a potion of resistance
 p - 2 potions of haste {unknown}
Books
 b - a book of Maledictions

   Spells                             Type                      Level
   a - Corona                         Hexes                        1
   b - Ensorcelled Hibernation        Hexes/Ice                    2
   c - Confuse                        Hexes                        3
   d - Tukima's Dance                 Hexes                        3
   e - Dazzling Spray                 Conjuration/Hexes            3
 r - a book of Conjurations

   Spells                             Type                      Level
   a - Magic Dart                     Conjuration                  1
   b - Searing Ray                    Conjuration                  2
   c - Dazzling Spray                 Conjuration/Hexes            3
   d - Fulminant Prism                Conjuration/Hexes            4
   e - Force Lance                    Conjuration/Translocation    4
   f - Iskenderun's Mystic Blast      Conjuration                  4
Comestibles
 c - 3 bread rations


   Skills:
 + Level 2.1 Fighting
 + Level 3.7 Short Blades
 + Level 3.2 Dodging
 + Level 3.7 Stealth
 + Level 3.3 Spellcasting
 + Level 3.7 Hexes
 + Level 0.5 Ice Magic


You had 5 spell levels left.
You knew the following spells:

 Your Spells              Type           Power        Failure   Level  Hunger
a - Corona                Hex            ###....      3%          1    None
b - Ensorcelled Hibernat  Hex/Ice        ##....       11%         2    ##.....
c - Tukima's Dance        Hex            ###.....     11%         3    ###....
d - Magic Dart            Conj           #...         17%         1    None


Dungeon Overview and Level Annotations

Branches:
Dungeon (5/15)
 Temple: D:4-7

Altars:
Nemelex Xobeh

Annotations:
D:3 Moto's ghost, amateur GrBe


Innate Abilities, Weirdness & Mutations

You can breathe waves of freezing cold.
You can buffet flying creatures when you breathe cold.
Your icy white scales are hard. (AC +6)
You cannot fit into any form of body armour.
Your flesh is cold resistant. (rC+)
You are cold-blooded and may be slowed by cold attacks.


Message History

Found 7 curare-tipped needles.
You see here 2 arrows.
Okay, then.
Casting: Ensorcelled Hibernation
Confirm with . or Enter, or press ? or * to list all spells.
Okay, then.
Okay, then.
You aren't carrying any items that you can evoke.
Okay, then.
You feel better. The hound barely misses you.
The centaur shoots an arrow.
The arrow closely misses you.
You feel better. The hound barely misses you.
The centaur shoots an arrow.
The arrow hits you!
* * * LOW HITPOINT WARNING * * *
The hound bites you.
* * * LOW HITPOINT WARNING * * *
It was a potion of resistance.
You feel protected.
The centaur shoots an arrow.
The arrow hits you!
You die...

##..##..## ..
#........# ...
#........# #..
#'###..#
##..##..##..######
...........>('...#
.............#c..#
##'##..######h###
##..######@##
#...............#
#...........Zc..#
#...............#
#...............#
#...............#
##.##.###..###.##
#.##.###..# (#
...#..#


You could see 2 centaurs, a hound and a leopard gecko zombie.

Vanquished Creatures
  An ogre (D:4)
  A centaur (D:4)
  2 howler monkeys (D:4)
  A hound (D:4)
  An orc priest (D:5)
  An orc wizard (D:3)
  A bullfrog skeleton (D:4)
  A worker ant (D:4)
  4 adders
  2 oozes
  3 worms (D:3)
  5 dart slugs
  3 leopard geckos
  7 orcs
  3 ball pythons (D:1)
  A giant cockroach (D:2)
  4 goblins
  4 hobgoblins
  7 jackals
  7 kobolds
  4 quokkas
  A ball python skeleton (D:4)
  7 bats
  5 frilled lizards
  4 rats
80 creatures vanquished.

Notes
Turn   | Place    | Note
-------+----------+-------------------------------------------
     0 | D:1      | Hvezdomuz the Draconian Enchanter began the quest for the Orb.
     0 | D:1      | Reached XP level 1. HP: 14/14 MP: 3/3
   248 | D:1      | Reached XP level 2. HP: 19/20 MP: 3/5
   252 | D:1      | Learned a level 2 spell: Ensorcelled Hibernation
  1020 | D:2      | Reached XP level 3. HP: 26/26 MP: 4/6
  1030 | D:2      | Learned a level 3 spell: Tukima's Dance
  1377 | D:2      | Found a sparkling altar of Nemelex Xobeh.
  1454 | D:2      | Found a faded altar of an unknown god.
  1830 | D:3      | Reached XP level 4. HP: 27/34 MP: 7/7
  1976 | D:3      | Learned a level 1 spell: Magic Dart
  2092 | D:3      | Noticed Moto's ghost (amateur GrBe)
  2789 | D:3      | Noticed an ice beast
  3761 | D:3      | Reached skill level 1 in Fighting
  4261 | D:4      | Reached XP level 5. HP: 36/40 MP: 9/9
  4384 | D:4      | Noticed a centaur
  4408 | D:4      | Killed a centaur
  4628 | D:4      | Reached XP level 6. HP: 38/47 MP: 8/10
  5811 | D:5      | Entered Level 5 of the Dungeon
  5847 | D:5      | Your scales start taking on an icy white colour.
  5847 | D:5      | Reached XP level 7. HP: 55/55 MP: 10/12
  5847 | D:5      | Gained mutation: Your flesh is cold resistant. (rC+) [White Draconian growth]
  5925 | D:5      | HP: 1/55 [centaur/arrow (9)]
  5928 | D:5      | Shot with an arrow by a centaur

Skill      XL: |  1  2  3  4  5  6 |
---------------+-------------------+-----
Hexes          | 3 |  3.7
Dodging        | 2 3 |  3.2
Stealth        | 3 |  3.7
Fighting       | 1 2 |  2.1
Short Blades   | 2 3 |  3.7
Spellcasting   | 3 |  3.3
Ice Magic      | |  0.5

Action                   |  1- 3 |  4- 6 |  7- 9 || total
-------------------------+-------+-------+-------++-------
Melee: Dagger            |   125 |   200 |    14 ||   339
       Tailslap          |    10 |    20 |     1 ||    31
Throw: Throwing net      |       |     1 |       ||     1
 Cast: Corona            |    16 |    29 |     3 ||    48
       Ensorcelled Hiber |       |    12 |     2 ||    14
       Magic Dart        |       |     3 |       ||     3
 Abil: Breathe Frost     |       |       |     1 ||     1
  Use: Potion            |       |     1 |     3 ||     4
       Scroll            |       |     1 |       ||     1
 Stab: Sleeping          |     7 |    11 |       ||    18
       Distracted        |       |     1 |       ||     1
  Eat: Chunk             |     3 |     3 |       ||     6
       Meat ration       |       |     2 |       ||     2
       Bread ration      |       |     1 |       ||     1
Armor: Skin              |    40 |    62 |     6 ||   108
Dodge: Dodged            |    63 |   144 |    14 ||   221
